[Event "*** SCC Grand Prix: Titled Tuesday Blitz"]
[Site "Chess.com"]
[Date "2020.10.13"]
[Round "1"]
[White "GiorgianBarbosa"]
[Black "Alexander_Moskalenko"]
[Result "1/2-1/2"]
[WhiteElo "2429"]
[BlackElo "2816"]
[TimeControl "180+1"]
[EndTime "10:07:06 PDT"]
[Termination "Game drawn - insufficient material"]

1. c4 c6 2. g3 d5 3. cxd5 cxd5 4. Bg2 Nf6 5. Nf3 Nc6 6. O-O Bg4 7. d4 Bxf3 8. Bxf3 e6 9. Nc3 Be7 10. Bg5 O-O 11. Bxf6 Bxf6 12. e3 Qb6 13. Qb3 Qxb3 14. axb3 Rfc8 15. Rfc1 Be7 16. Nb5 f5 17. Kg2 a6 18. Nc3 Nb4 19. Be2 g5 20. Na4 Nc2 21. Nb6 Rc6 22. Nxa8 Nxa1 23. Rxc6 bxc6 24. Bxa6 Bd8 25.
b4 Nc2 26. b5 cxb5 27. Bxb5 Kf7 28. Kf1 g4 29. Ke2 Ba5 30. Kd3 Ne1+ 31. Ke2 Nf3 32. h4 f4 33. gxf4 Nxh4 34. b4 Bxb4 35. Nc7 h5 36.
Be8+ Ke7 37. Bxh5 Nf5 38. Bxg4 Ng7 39. Na6 Bd6 40. Nc5 Kf6 41. Nd7+ Ke7 42. Ne5 Ne8 43. f5 Nf6 44. f3 exf5 45. Bxf5 Ba3 46. Kd3 Bb2 47.
Ng4 Ne8 48. e4 Nd6 49. Bg6 Nb5 50. exd5 Nxd4 51. Ke4 Nb5 52. Ne3 Nd6+ 53. Kd3 Kf6 54. Nc4 Nxc4 55. Kxc4 Kxg6 56. Kc5 Bf6 57. Kc6 Kf5 58.
Kd7 Kf4 59. d6 Bh4 60. Ke6 Kxf3 61. d7 Bd8 62. Kf7 Ba5 63. Ke8 Ke3 64. d8=Q Bxd8 1/2-1/2

[Event "*** SCC Grand Prix: Titled Tuesday Blitz"]
[Site "Chess.com"]
[Date "2020.10.13"]
[Round "1"]
[White "Triumphmate"]
[Black "vladislavkovalev"]
[Result "0-1"]
[WhiteElo "2450"]
[BlackElo "2862"]
[TimeControl "180+1"]
[EndTime "10:07:07 PDT"]
[Termination "vladislavkovalev won by checkmate"]

1. e4 e5 2. Nf3 Nc6 3. Nc3 Nf6 4. Bb5 Bc5 5. Nxe5 Nxe5 6. d4 Bd6 7. f4 Neg4 8. e5 Bb4 9. O-O O-O 10. h3 d5 11.
hxg4 Nxg4 12. Qe1 Bf5 13. Bd3 Qd7 14. Bxf5 Qxf5 15. Nxd5 Qd7 16. Nxb4 Qxd4+ 17. Rf2 Rad8 18. Nd3 f6 19. e6 Rfe8 20. f5 c5 21. Qe2 c4 22.
Bf4 Nxf2 23. Qxf2 cxd3 24. Be3 Qxb2 25. Rc1 dxc2 26. Rxc2 Rd1+ 27. Kh2 Qe5+ 28. g3 Qe4 29. g4 h5 30. Bf4 Rh1+ 31. Kg3 h4# 0-1

[Event "*** SCC Grand Prix: Titled Tuesday Blitz"]
[Site "Chess.com"]
[Date "2020.10.13"]
[Round "1"]
[White "Reader777"]
[Black "MrChampion_Coach"]
[Result "1-0"]
[WhiteElo "2702"]
[BlackElo "2354"]
[TimeControl "180+1"]
[EndTime "10:07:07 PDT"]
[Termination "Reader777 won by checkmate"]

1. d4 Nf6 2. c4 e6 3. g3 c5 4.
Nf3 cxd4 5. Nxd4 Bb4+ 6. Bd2 Bc5 7. e3 d5 8. Bg2 O-O 9. cxd5 Bxd4 10. exd4 Nxd5 11. O-O Nc6 12. Nc3 Nb6 13. Be3 Nc4 14.
Qb3 Nxe3 15. fxe3 e5 16. Bd5 exd4 17. Ne4 Kh8 18. Bxc6 bxc6 19. Rxf7 dxe3 20. Rxf8+ Qxf8 21. Rf1 Qe7 22. Qxe3 Bh3 23. Rf4 Re8 24. g4 Qe5 25. Rf5 Qxb2 26. Qxh3 Qb1+ 27. Qf1 Qb4 28. h3 g6 29. Qa1+ Kg8 30. Nf6+ Kg7 31. Nxe8+ Kh6 32. Qg7# 1-0

[Event "*** SCC Grand Prix: Titled Tuesday Blitz"]
[Site "Chess.com"]
[Date "2020.10.13"]
[Round "1"]
[White "Kaua18"]
[Black "Leonid_Starozhilov"]
[Result "1-0"]
[WhiteElo "2340"]
[BlackElo "2639"]
[TimeControl "180+1"]
[EndTime "10:07:07 PDT"]
[Termination "Kaua18 won by checkmate"]

1. e4 c5 2. Nf3 e6 3. d4 cxd4 4. Nxd4 a6 5. Bd3 Qc7 6. O-O Nf6 7. Qe2 Bd6 8. h3 h5 9. Nc3 Bh2+ 10. Kh1 Ng4 11. f4 Nc6 12. Nxc6 bxc6 13. e5 Qa7 14. Ne4 Kf8 15. c4 Qd4 16. Bd2 f5 17. Ng5 Bg3 18. Be1 Bxe1 19. Raxe1 c5 20. Qf3 Rb8 21. b3 Bb7 22. Qe2 Rd8 23. Nf3 Bxf3 24. Qxf3 Kf7 25. Rd1 Ne3 26. Bxf5 Nxd1 27. Rxd1 Qb2 28.
Be4 Qa3 29. f5 Kg8 30. fxe6 Qa5 31. Qf7# 1-0

[Event "*** SCC Grand Prix: Titled Tuesday Blitz"]
[Site "Chess.com"]
[Date "2020.10.13"]
[Round "1"]
[White "K-Nygren"]
[Black "Hikaru"]
[Result "0-1"]
[WhiteElo "2494"]
[BlackElo "3209"]
[TimeControl "180+1"]
[EndTime "10:07:08 PDT"]
[Termination "Hikaru won by resignation"]

1. e4 g6 2. d4 Bg7 3. Nc3 c6 4. Nf3 d5 5. h3 dxe4 6. Nxe4 Nf6 7. Nxf6+ exf6 8. Bc4 O-O 9. O-O Nd7 10. c3 b5 11.
Bb3 Nb6 12. Bf4 a5 13. Bc2 a4 14. b3 Be6 15. Qd2 Qd7 16. Rfe1 Ra7 17. Bh6 Rfa8 18. Bxg7 Kxg7 19. Rab1 axb3 20. axb3 Ra2 21. Qc1 Nd5 22. Be4 b4 23. Bxd5 Bxd5 24. Nh2 Qf5 25. Rb2 Ra1 26. Qd2 Qe4 27. Nf3 Rxe1+ 28. Qxe1 Qxe1+ 29. Nxe1 bxc3 30.
Rc2 Ra1 31. Kf1 Bxb3 32. Rxc3 Bd5 33. f3 Rd1 34. Ke2 Rxd4 35. Nc2 Ra4 36. Ne3 f5 37. Rd3 Be6 38. Rd6 f4 39. Nc2 Ra2 40. Rxc6 Bf5 41. Kd2 Kh6 42. Kc1 Rxc2+ 43. Rxc2 Bxc2 44. Kxc2 Kg5 45. Kd2 Kh4 46. Ke2 Kg3 47. Kf1 Kh2 48. Kf2 g5 49.
Kf1 f5 50. Kf2 h6 51. Kf1 h5 52. Kf2 g4 53. fxg4 fxg4 54. hxg4 hxg4 55. Kf1 g3 0-1

[Event "*** SCC Grand Prix: Titled Tuesday Blitz"]
[Site "Chess.com"]
[Date "2020.10.13"]
[Round "1"]
[White "Ladislav1969"]
[Black "Blitzstream"]
[Result "0-1"]
[WhiteElo "2386"]
[BlackElo "2749"]
[TimeControl "180+1"]
[EndTime "10:07:08 PDT"]
[Termination "Blitzstream won by checkmate"]

1. e4 d5 2. exd5 Qxd5 3. Nc3 Qa5 4. Nf3 Nf6 5. d4 c6 6. Bc4 Bf5 7. Bd2 e6 8. d5 Qc5 9. dxc6 Nxc6 10. Bb5 O-O-O 11.
Qe2 Bg4 12. Be3 Qd6 13. Bxc6 Qxc6 14. Nb5 Bc5 15. Nxa7+ Bxa7 16. Bxa7 Nd5 17. Be3 Nxe3 18. Qxe3 Bxf3 19. gxf3 Rd5 20. c4 Rf5 21. O-O-O Rxf3 22. Qd4 f6 23. Rhg1 e5 24. Qg4+ Kb8 25. Qxg7 Rc8 26.
Qxh7 Rxf2 27. Kb1 Qb6 28. b3 Qa5 29. a4 Qc3 30. Rd7 Qb2# 0-1

[Event "*** SCC Grand Prix: Titled Tuesday Blitz"]
[Site "Chess.com"]
[Date "2020.10.13"]
[Round "1"]
[White "Fy_Rakotomaharo"]
[Black "Al_Shima"]
[Result "0-1"]
[WhiteElo "2647"]
[BlackElo "2353"]
[TimeControl "180+1"]
[EndTime "10:07:09 PDT"]
[Termination "Al_Shima won by resignation"]

1. e4 d5 2. exd5 Nf6 3. Nf3 Nxd5 4. d4 Bf5 5. Be2 e6 6. O-O Be7 7. c4 Nb4 8. Nc3 Nc2 9. Rb1 Nb4 10. Ra1 Nc2 11.
g4 Bg6 12. Ne5 Nxa1 13. Nxg6 hxg6 14. Be3 Qd6 15. f4 Nc6 16. d5 exd5 17. cxd5 Nb4 18. Qa4+ Qd7 19. Bb5 c6 20. dxc6 bxc6 21. Be2 Nac2 22. Rd1 Qe6 23. Bf2 Ne3 24. Re1 Nbc2 25. Rc1 O-O 26. Rxc2 Nxc2 27. Qxc2 Rfe8 28. Bf3 Bd8 29.
Na4 Qxa2 30. Qxc6 Bb6 31. Nxb6 axb6 32. Bd5 Qxb2 33. Qd7 Qc1+ 34. Kg2 Qxf4 35. Bxa8 Rxa8 36. h3 Ra2 37. Qd8+ Kh7 38. Qxb6 Qe4+ 39. Kh2 Qf3 0-1

[Event "*** SCC Grand Prix: Titled Tuesday Blitz"]
[Site "Chess.com"]
[Date "2020.10.13"]
[Round "1"]
[White "GM_Huschenbeth"]
[Black "gixfantastix"]
[Result "0-1"]
[WhiteElo "2372"]
[BlackElo "2089"]
[TimeControl "180+1"]
[EndTime "10:07:10 PDT"]
[Termination "gixfantastix won on time"]

1. e4 c6 2. d4 d5 3. Nc3 dxe4 4.
Nxe4 Bf5 5. Ng3 Bg6 6. h4 h6 7. Nf3 Nd7 8. Bd3 Bxd3 9. Qxd3 Ngf6 10. Bd2 e6 11. O-O-O Be7 12. Qe2 O-O 13. Nf1 Nb6 14. g4 Nxg4 15. Rg1 f5 16. Qxe6+ Kh8 17. Ne5 Rf6 18. Nf7+ Rxf7 19. Qxf7 Bf6 20. c3 Qd6 21. f3 Nf2 22. Bxh6 gxh6 23. Rd2 Rf8 24. Qg6 Qf4 25.
Kc2 Nh3 26. Rg3 Nd5 27. Rdg2 b5 0-1

[Event "*** SCC Grand Prix: Titled Tuesday Blitz"]
[Site "Chess.com"]
[Date "2020.10.13"]
[Round "1"]
[White "Morshynska"]
[Black "GelmanAlexander"]
[Result "0-1"]
[WhiteElo "2249"]
[BlackElo "2581"]
[TimeControl "180+1"]
[EndTime "10:07:12 PDT"]
[Termination "GelmanAlexander won on time"]

1. Nf3 c5 2. g3 e6 3. Bg2 Nf6 4.
O-O Be7 5. c4 d6 6. Nc3 a6 7. d4 cxd4 8. Nxd4 Nbd7 9. b3 O-O 10.
Bb2 Qc7 11. Rc1 Ne5 12. h3 Bd7 13. a4 Rac8 14. Qd2 Rfd8 15. Rfd1 h6 16. Ne4 Qb6 17. a5 Qc7 18. Ba3 Be8 19. Nxf6+ Bxf6 20. Nf3 Nxf3+ 21. Bxf3 Be7 22. h4 Bc6 23. Bxc6 bxc6 24. Rb1 Rb8 25. b4 d5 26. Qd3 Qb7 27. e4 dxc4 28.
Qxc4 Qb5 29. Qc2 Rxd1+ 30. Qxd1 Qc4 31. Qf3 Bxb4 32. Rc1 Qb5 33. Bxb4 Qxb4 34. Rxc6 Qxa5 35. Rd6 Qb5 36. Kg2 a5 0-1

[Event "*** SCC Grand Prix: Titled Tuesday Blitz"]
[Site "Chess.com"]
[Date "2020.10.13"]
[Round "1"]
[White "nochewycandy"]
[Black "tylityli"]
[Result "1-0"]
[WhiteElo "2555"]
[BlackElo "2199"]
[TimeControl "180+1"]
[EndTime "10:07:12 PDT"]
[Termination "nochewycandy won on time"]

1. e4 e5 2. Qh5 Nc6 3. Bc4 g6 4. Qf3 Nf6 5. Ne2 Bg7 6. Nbc3 O-O 7. d3 h6 8. g4 d6 9. g5 hxg5 10. Bxg5 Be6 11. Nd5 Bxd5 12. Bxd5 Nb4 13. Bb3 a5 14. a4 b5 15. h4 bxa4 16. Rxa4 d5 17. Ng3 Qd6 18. h5 dxe4 19. Nxe4 Nxe4 20. Qxe4 c6 21. hxg6 Nd5 22. gxf7+ Rxf7 23. Qh7+ Kf8 24. Rg4 Qc5 25. Rh2 a4 26. Bxd5 Qxd5 27. Bh6 Raa7 28. Bxg7+ Rxg7 29. Qf5+ Ke8 30. Qc8+ Kf7 31. Qf5+ Kg8 32. Qc8+ Kf7 33.
Rxg7+ Kxg7 34. Qg4+ Kf6 35. Rh6+ Ke7 36. Qg7+ 1-0

[Event "*** SCC Grand Prix: Titled Tuesday Blitz"]
[Site "Chess.com"]
[Date "2020.10.13"]
[Round "1"]
[White "VincentKeymer"]
[Black "ama18"]
[Result "1-0"]
[WhiteElo "2844"]
[BlackElo "2444"]
[TimeControl "180+1"]
[EndTime "10:07:13 PDT"]
[Termination "VincentKeymer won on time"]

1. Nf3 Nf6 2. c4 c5 3. Nc3 e6 4. g3 b6 5. Bg2 Bb7 6. O-O d6 7. d4 cxd4 8. Qxd4 a6 9. Rd1 Qc7 10. Bg5 Nbd7 11. Rac1 Be7 12. b3 O-O 13. Qd2 h6 14.
Bf4 e5 15. Be3 Ne4 16. Nxe4 Bxe4 17. Nxe5 Bxg2 18. Nxd7 Bh3 19. Nxf8 Bxf8 20. f3 Re8 21. Bf2 Qe7 22. e4 Qf6 23. Qc3 Qg6 24. Rc2 f5 25. exf5 Bxf5 26. Rcd2 Bh3 27. Qd3 Bf5 28. Qd4 Bh3 29.
Qh4 Bc8 30. Kg2 Bb7 31. Qd4 Be7 32. Rd3 Rf8 33. Qxb6 Ba8 34. Qd4 Qf5 35. Qc3 Bf6 36. Qe1 Be5 37. Qe2 g5 38. Rd5 Bxd5 39. Rxd5 Qf6 40.
c5 Kg7 41. cxd6 Bxd6 42. Bd4 1-0

[Event "*** SCC Grand Prix: Titled Tuesday Blitz"]
[Site "Chess.com"]
[Date "2020.10.13"]
[Round "1"]
[White "ExtremeLearner"]
[Black "sergiochess83"]
[Result "1-0"]
[WhiteElo "2414"]
[BlackElo "2749"]
[TimeControl "180+1"]
[EndTime "10:07:13 PDT"]
[Termination "ExtremeLearner won by resignation"]

1. d4 Nf6 2. Nf3 d5 3. g3 c6 4. Bg2 Bg4 5. c4 e6 6. Qb3 Qb6 7. c5 Qxb3 8. axb3 Nbd7 9. b4 a6 10. Nc3 Rc8 11. Nd2 e5 12. e3 Be7 13. h3 Be6 14. O-O Kd8 15. f4 exd4 16. exd4 Bf5 17.
Re1 h5 18. Nf3 Ne4 19. Nxe4 Bxe4 20. Ng5 Bxg5 21. fxg5 Bxg2 22. Kxg2 Nf8 23. Bf4 Ne6 24. Be5 Ke7 25. Bxg7 Rhg8 26. Bf6+ Kd7 27. h4 Rge8 28. Rad1 Nf8 29. Kf3 Ng6 30. Be5 Re6 31. Re2 Ra8 32. Ra1 Rae8 33. Rae1 Ra8 34. Bf6 Rxe2 35. Rxe2 a5 36. g4 1-0

[Event "*** SCC Grand Prix: Titled Tuesday Blitz"]
[Site "Chess.com"]
[Date "2020.10.13"]
[Round "1"]
[White "Savagelittlemole"]
[Black "chesslh19"]
[Result "1-0"]
[WhiteElo "2567"]
[BlackElo "2224"]
[TimeControl "180+1"]
[EndTime "10:07:15 PDT"]
[Termination "Savagelittlemole won by checkmate"]

1. e4 e5 2. Nf3 Nf6 3. Nxe5 d6 4. Nf3 Nxe4 5. Nc3 Nxc3 6. dxc3 Ke7 7. Bd3 Be6 8. O-O Kd7 9. Re1 Kc8 10. c4 Nc6 11. h3 Be7 12. Be3 Qd7 13. Rb1 Bf6 14. Qd2 h6 15. b4 Re8 16. b5 Ne5 17. Nxe5 Bxe5 18. a4 Bxh3 19. gxh3 Qxh3 20. f4 Qg3+ 21. Qg2 Bxf4 22. Qxg3 Bxg3 23. Bf2 Bxf2+ 24. Kxf2 Rxe1 25. Rxe1 Kd7 26. Bf5+ Kd8 27. a5 a6 28. b6 cxb6 29.
axb6 a5 30. Be4 a4 31. Ra1 Kc8 32. Ke3 Ra5 33. Bd5 f6 34. Kd3 Ra6 35. Kc3 Rxb6 36. Rxa4 Ra6 37. Rb4 Ra7 38. Rb1 Kc7 39. Rg1 g5 40.
Rh1 Ra3+ 41. Kd4 Rg3 42. Rxh6 b6 43. Rxf6 g4 44. Rg6 Rg1 45. Rg7+ Kd8 46. Kc3 g3 47. Kb4 Ke8 48. Kb5 Rb1+ 49. Kc6 Rb2 50. Kxd6 Kf8 51.
Rg8# 1-0

[Event "*** SCC Grand Prix: Titled Tuesday Blitz"]
[Site "Chess.com"]
[Date "2020.10.13"]
[Round "1"]
[White "kakakz"]
[Black "Gloomy_Wanderer"]
[Result "0-1"]
[WhiteElo "2388"]
[BlackElo "2755"]
[TimeControl "180+1"]
[EndTime "10:07:16 PDT"]
[Termination "Gloomy_Wanderer won on time"]

1. d4 Nf6 2. c4 e6 3. Nf3 d5 4. g3 dxc4 5. Bg2 Bb4+ 6. Bd2 a5 7.
a3 Bxd2+ 8. Nbxd2 b5 9. Ne5 Nd5 10. a4 c6 11. b3 c3 12. Ne4 b4 13. O-O Na6 14. Nc4 O-O 15. Qc2 Bb7 16. Ned6 Rb8 17. e4 Ne7 18. e5 Ba8 19. Be4 h6 20. Rad1 Qc7 21. f4 c5 22. Bxa8 Rxa8 23. f5 cxd4 24. f6 Ng6 25. fxg7 Kxg7 26. Rxd4 Qc5 27. Qf2 Rad8 28. h4 h5 29. Rfd1 Nxe5 30. Ne4 Rxd4 31. Nxc5 Rxd1+ 32. Kg2 Nxc5 33. Nxe5 Rd2 0-1

[Event "*** SCC Grand Prix: Titled Tuesday Blitz"]
[Site "Chess.com"]
[Date "2020.10.13"]
[Round "1"]
[White "Fandorine"]
[Black "Balla_Tamas"]
[Result "1-0"]
[WhiteElo "2861"]
[BlackElo "2451"]
[TimeControl "180+1"]
[EndTime "10:07:17 PDT"]
[Termination "Fandorine won by resignation"]

1. Nf3 c5 2. g3 g6 3. Bg2 Bg7 4. O-O Nc6 5. d3 e6 6. e4 Nge7 7. Nbd2 b6 8. Re1 d6 9. c3 Bb7 10. a4 a6 11. h4 h6 12. Nc4 b5 13. axb5 axb5 14. Rxa8 Bxa8 15. Ne3 Ne5 16. Nxe5 dxe5 17. Ng4 h5 18. Nh2 Qd7 19. Be3 c4 20. dxc4 bxc4 21. Bc5 Qc6 22. Bb4 f6 23. Re2 Bh6 24.
Nf1 Kf7 25. Ne3 Bxe3 26. Rxe3 Qc7 27. Re2 Rd8 28. Rd2 Rxd2 29. Qxd2 Kg7 30. f3 Qa7+ 31. Qf2 Qxf2+ 32. Kxf2 Nc6 33. Bf1 f5 34. Bd6 fxe4 35.
fxe4 Kf6 36. Bxc4 Na5 37. Bd3 Nb3 38. Ke3 Bc6 39. Bc2 Na5 40. b3 Nb7 41. Bb4 g5 42.
c4 g4 43. Bc3 Nd6 44. Bd3 Nb7 45. b4 Nd6 46. b5 Bd7 47. Bb4 1-0

[Event "*** SCC Grand Prix: Titled Tuesday Blitz"]
[Site "Chess.com"]
[Date "2020.10.13"]
[Round "1"]
[White "penguingm1"]
[Black "Forantes"]
[Result "1-0"]
[WhiteElo "2851"]
[BlackElo "2449"]
[TimeControl "180+1"]
[EndTime "10:07:17 PDT"]
[Termination "penguingm1 won by resignation"]

1. d4 Nf6 2. c4 g6 3. f3 d5 4. cxd5 Nxd5 5. e4 Nb6 6. Nc3 Bg7 7. Be3 O-O 8. Qd2 Nc6 9. O-O-O e5 10. d5 Nd4 11. f4 c5 12. fxe5 Bxe5 13. Nf3 Nxf3 14. gxf3 Re8 15. Bxc5 Bd7 16. Kb1 Rc8 17. Bd4 Qf6 18. Bxe5 Qxe5 19. f4 Qd6 20. Bd3 Qb4 21. Rhe1 Bg4 22. Rc1 Nc4 23. Bxc4 Rxc4 24. a3 Qb6 25.
Ka2 a5 26. Qe3 Qa6 27. e5 b5 28.
Ne4 Rxe4 29. Qxe4 b4 30. a4 b3+ 31. Ka3 Bf5 32. Qd4 Bc2 33. Re3 Qb7 34. Rc3 Rb8 35.
Rc4 Qa6 36. d6 Qb7 37. Qc3 Qd7 38. Rxc2 bxc2 39. Qxc2 Kg7 40. Qc3 Qxd6+ 41. exd6+ 1-0

[Event "*** SCC Grand Prix: Titled Tuesday Blitz"]
[Site "Chess.com"]
[Date "2020.10.13"]
[Round "1"]
[White "Shota_Azaladze"]
[Black "orestn"]
[Result "1-0"]
[WhiteElo "2645"]
[BlackElo "2315"]
[TimeControl "180+1"]
[EndTime "10:07:18 PDT"]
[Termination "Shota_Azaladze won by resignation"]

1. Nf3 d5 2. g3 e6 3. Bg2 Nf6 4. O-O Be7 5. d3 O-O 6. Nbd2 c5 7. e4 Nc6 8. e5 Nd7 9. Re1 b5 10. h4 Bb7 11. Nf1 Qc7 12. Qe2 Rfc8 13. Bf4 Qd8 14.
Ne3 a5 15. h5 h6 16. Ng4 Bf8 17. Bh3 a4 18. a3 Rc7 19. Rad1 Rac8 20. Qd2 Nd4 21.
Nxd4 cxd4 22. Rc1 Qe7 23. Nh2 b4 24. Nf3 bxa3 25. bxa3 Qxa3 26. Ra1 Qc3 27. Qxc3 Rxc3 28. Reb1 Bc6 29. Nxd4 a3 30. Bd2 Rc5 31. Bb4 Nxe5 32.
Bxc5 Bxc5 33. Nxe6 Bd6 34. Nd4 Ra8 35. Nxc6 Nxc6 36. c3 Ne5 37. Bf1 Bf8 38. Kg2 Rc8 39. d4 Nc4 40. Rb5 Nd2 41. Rxd5 Rxc3 42. Rd8 g6 43. Ra8 Kg7 44. Re1 Nb3 45. Ree8 Bd6 46. hxg6 fxg6 47. Re6 Bb4 48. Rb6 Nxd4 49. Ra7+ 1-0

[Event "*** SCC Grand Prix: Titled Tuesday Blitz"]
[Site "Chess.com"]
[Date "2020.10.13"]
[Round "1"]
[White "AleksibFan"]
[Black "barriochess"]
[Result "0-1"]
[WhiteElo "2563"]
[BlackElo "2264"]
[TimeControl "180+1"]
[EndTime "10:07:18 PDT"]
[Termination "barriochess won on time"]

1. d4 d5 2. Nf3 e6 3. g3 c5 4. Bg2 Nc6 5. O-O Nf6 6. b3 Be7 7. Bb2 O-O 8. e3 Ne4 9. Nbd2 f5 10. c4 Bf6 11. cxd5 exd5 12. Ne5 Nxe5 13. dxe5 Be7 14. f3 Nxd2 15. Qxd2 Be6 16. f4 Qd7 17.
Rfd1 Rfd8 18. Qe2 Qe8 19. Rd2 a6 20. Rad1 Qf7 21. Bc3 b5 22. Bf3 b4 23. Bb2 Ra7 24. Qg2 Rad7 25. g4 g6 26. h3 Kf8 27. a3 a5 28. axb4 axb4 29. Kh2 c4 30. Bd4 c3 31.
Ra2 Rc8 32. Rda1 Bc5 33. Ra8 Rc7 34. gxf5 gxf5 35. Bxc5+ Rxc5 36. R1a7 Qg6 37. Qc2 Ke8 38. Ra2 Kd8 39. R8a7 h5 40. Ra8 h4 41. Rxc8+ Rxc8 42. Qf2 Qg3+ 0-1

[Event "*** SCC Grand Prix: Titled Tuesday Blitz"]
[Site "Chess.com"]
[Date "2020.10.13"]
[Round "1"]
[White "xamax2000"]
[Black "dosto07"]
[Result "1-0"]
[WhiteElo "2670"]
[BlackElo "2332"]
[TimeControl "180+1"]
[EndTime "10:07:19 PDT"]
[Termination "xamax2000 won on time"]

1. d4 d5 2. c4 dxc4 3. Nf3 Nf6 4.
e3 e6 5. Bxc4 c5 6. O-O a6 7. e4 b5 8. Be2 cxd4 9. Nxd4 Bb7 10. f3 Nbd7 11. Be3 Bc5 12. Nd2 O-O 13. N2b3 Bb6 14. Qd2 Ne5 15. Rac1 Rc8 16. Rxc8 Qxc8 17.
Rc1 Qd7 18. Nc2 Qxd2 19. Nxd2 Bxe3+ 20. Nxe3 Rc8 21. Rxc8+ Bxc8 22. Nb3 g5 23. Nc2 Nfd7 24. Kf2 Kf8 25. Ke3 Ke7 26. g3 Nb6 27. Kd4 Kd6 28. Nb4 Bb7 29. f4 gxf4 30. gxf4 Nc6+ 31. Nxc6 Bxc6 32. Nc5 a5 33. e5+ Kc7 34. Bh5 Be8 35. Nxe6+ fxe6 36. Bxe8 b4 37. b3 Nd5 38. f5 Nc3 39. f6 Kd8 40. Bc6 Nxa2 41. Kc5 Nc3 42. Kd6 1-0

[Event "*** SCC Grand Prix: Titled Tuesday Blitz"]
[Site "Chess.com"]
[Date "2020.10.13"]
[Round "1"]
[White "Nikita_Klepikov"]
[Black "TST2014"]
[Result "1-0"]
[WhiteElo "2246"]
[BlackElo "2545"]
[TimeControl "180+1"]
[EndTime "10:07:19 PDT"]
[Termination "Nikita_Klepikov won on time"]

1. e4 c5 2. Nf3 Nc6 3. d4 cxd4 4. Nxd4 Nf6 5. Nc3 d6 6. Be3 e5 7. Nb3 Be7 8. Be2 O-O 9. O-O a5 10. a4 Nb4 11. Nd5 Nfxd5 12. exd5 Bf5 13. Rc1 Bg5 14. c3 Na6 15. f4 exf4 16. Bf2 f3 17. Bxf3 Bxc1 18. Qxc1 Bd7 19. Qf4 Be8 20. Bd4 b6 21. Nd2 Nc5 22. Nc4 Nb3 23. Bxb6 Qd7 24. Nxd6 Qxa4 25. c4 Qb4 26. Bf2 Bd7 27. Bd1 Nd2 28. Be1 Qc5+ 29. Rf2 Nb1 30. Bc2 Ra6 31.
Ne4 Qd4 32. Bxb1 Re8 33. Bc3 1-0

[Event "*** SCC Grand Prix: Titled Tuesday Blitz"]
[Site "Chess.com"]
[Date "2020.10.13"]
[Round "1"]
[White "Orest_Vovk"]
[Black "bgfbfbgfbgfgf"]
[Result "0-1"]
[WhiteElo "2404"]
[BlackElo "2777"]
[TimeControl "180+1"]
[EndTime "10:07:20 PDT"]
[Termination "bgfbfbgfbgfgf won on time"]

1. d4 Nf6 2. Bf4 g6 3. e3 Bg7 4.
h3 O-O 5. Nf3 d6 6. Be2 Nbd7 7.
O-O b6 8. Nbd2 Bb7 9. c3 Re8 10. Bh2 e5 11. dxe5 dxe5 12. Nc4 Ne4 13. a4 a5 14. Qc2 Qe7 15. Rad1 Rad8 16. Na3 Nd6 17.
Nb5 Nxb5 18. Bxb5 Bxf3 19. gxf3 Qe6 20. Kg2 c6 21. Be2 Qe7 22. Qe4 Rc8 23. Qg4 Nc5 24.
Bc4 Rcd8 25. b3 h5 26. Qxg6 h4 27. Qg4 Kf8 28. Kh1 Qf6 29. Rxd8 Rxd8 30. Rg1 Rd2 31. Qc8+ Rd8 32. Qc7 Qxf3+ 33. Rg2 Rd1+ 34. Bg1 Qxh3+ 35.
Rh2 Qf3+ 36. Rg2 h3 37. Qc8+ Ke7 38. Qc7+ Rd7 0-1

[Event "*** SCC Grand Prix: Titled Tuesday Blitz"]
[Site "Chess.com"]
[Date "2020.10.13"]
[Round "1"]
[White "frederiksvane"]
[Black "AsaHoffmann"]
[Result "1-0"]
[WhiteElo "2668"]
[BlackElo "2331"]
[TimeControl "180+1"]
[EndTime "10:07:20 PDT"]
[Termination "frederiksvane won by resignation"]

1. e4 d6 2. d4 c6 3. Nf3 Bg4 4.
Nbd2 Nf6 5. Bd3 e6 6. h3 Bh5 7.
Qe2 Be7 8. c3 d5 9. e5 Nfd7 10.
Nb3 c5 11. dxc5 Nc6 12. g4 Bg6 13. Bb5 Nxc5 14. Nxc5 Bxc5 15. Be3 Bxe3 16. Qxe3 Be4 17.
O-O Bxf3 18. Qxf3 O-O 19. Qe3 d4 20. cxd4 Qxd4 21. Bxc6 Qxe3 22. fxe3 bxc6 23. Rfd1 Rfd8 24. Kf2 Rd5 25. Rxd5 cxd5 26. Rc1 h6 27. Rc7 a5 28. Ke2 a4 29. Kd3 g6 30. Kc3 Kg7 31. h4 Rb8 32. b4 axb3 33. axb3 Ra8 34. b4 Ra3+ 35.
Kd4 Rb3 36. Rb7 Rb2 37. g5 hxg5 38. hxg5 Rg2 39. b5 Rxg5 40. b6 Rg4+ 41. Kc5 Rc4+ 42.
Kb5 g5 43. Rc7 Re4 44. b7 1-0

[Event "*** SCC Grand Prix: Titled Tuesday Blitz"]
[Site "Chess.com"]
[Date "2020.10.13"]
[Round "1"]
[White "VinzentSpitzl"]
[Black "Ermito2020"]
[Result "0-1"]
[WhiteElo "2321"]
[BlackElo "2652"]
[TimeControl "180+1"]
[EndTime "10:07:20 PDT"]
[Termination "Ermito2020 won on time"]

1. e4 e6 2. d4 d5 3. Nd2 Be7 4.
Ngf3 Nf6 5. e5 Nfd7 6. Bd3 c5 7. c3 Nc6 8. O-O g5 9. c4 g4 10. cxd5 exd5 11. Ne1 Nxd4 12. Qxg4 Nxe5 13. Qh5 Bf6 14. Nb3 Bg4 15. Qh6 Nxb3 16. Bb5+ Ke7 17. axb3 Rg8 18.
f4 Nc6 19. Nf3 Rg6 20. Qxh7 Qb6 21. Ne5 Bxe5 22. fxe5 Nxe5 23. Bf4 Qxb5 24. Bxe5 Be6 25. Qh4+ Kd7 26. Rad1 Qe2 27. Bg3 Rag8 28. Qf4 Rc8 29. Qd6+ Ke8 30. Rde1 Qxb2 31. Re3 Qd4 32. Re1 Rd8 0-1

[Event "*** SCC Grand Prix: Titled Tuesday Blitz"]
[Site "Chess.com"]
[Date "2020.10.13"]
[Round "1"]
[White "thedjoker98"]
[Black "poppy73"]
[Result "1-0"]
[WhiteElo "2592"]
[BlackElo "2255"]
[TimeControl "180+1"]
[EndTime "10:07:20 PDT"]
[Termination "thedjoker98 won on time"]

1. d4 Nf6 2. c4 g6 3. Nc3 Bg7 4. e4 d6 5. f3 O-O 6. Be3 c5 7. Nge2 Nc6 8. d5 Ne5 9. Ng3 e6 10. Be2 exd5 11. cxd5 a6 12. a4 Rb8 13. O-O h5 14. h3 Re8 15. Qd2 Qa5 16. f4 Ned7 17. Bf3 h4 18. Nh1 Nb6 19. Qd3 Qb4 20. e5 Bf5 21.
Qd1 dxe5 22. fxe5 Rxe5 23. Bf2 Rd8 24. d6 Qxb2 25. Rc1 Re6 26. Bxc5 Nbd7 27. Bd4 Rxd6 28. Nb5 Rxd4 29. Qxd4 Qxd4+ 30. Nxd4 Bd3 31. Rfd1 Ne5 32. Nb3 b5 33. axb5 axb5 34. Nf2 Rd7 35. Nc5 1-0

[Event "*** SCC Grand Prix: Titled Tuesday Blitz"]
[Site "Chess.com"]
[Date "2020.10.13"]
[Round "1"]
[White "ailime26"]
[Black "JoakimVonAnd"]
[Result "1-0"]
[WhiteElo "1876"]
[BlackElo "2485"]
[TimeControl "180+1"]
[EndTime "10:07:20 PDT"]
[Termination "ailime26 won by resignation"]

1. e4 c6 2. Nf3 d5 3. exd5 cxd5 4. d4 Nf6 5. c3 Nc6 6. Bd3 Bg4 7. Bf4 e6 8. Nbd2 Bd6 9. Bg3 O-O 10. O-O Rb8 11.
Qc2 b5 12. a3 a5 13. Ne5 Qc7 14. Nxg4 Nxg4 15. Bxh7+ Kh8 16. Bd3 Nxh2 17. Kxh2 Bxg3+ 18. fxg3 b4 19. Rh1 f5 20. Kg1+ Kg8 21. Qd1 Qxg3 22. Nf3 bxc3 23. bxc3 Rb2 24. Qf1 Rfb8 25. Rh3 Qg4 26.
Rh4 Qg3 27. Rh3 Qg4 28. Kh1 Kf7 29. Re1 Ra2 30. Re2 Rb3 31. Rxa2 Rxc3 32. Rc2 Rxc2 33. Bxc2 Nxd4 34. Ne5+ Kf6 35. Nxg4+ Kg5 36. Bd1 1-0

[Event "*** SCC Grand Prix: Titled Tuesday Blitz"]
[Site "Chess.com"]
[Date "2020.10.13"]
[Round "1"]
[White "boasovietica"]
[Black "TrimitziosP7"]
[Result "0-1"]
[WhiteElo "2419"]
[BlackElo "2822"]
[TimeControl "180+1"]
[EndTime "10:07:22 PDT"]
[Termination "TrimitziosP7 won on time"]

1. e4 e5 2. Nf3 Nc6 3. Bb5 Nge7 4.
c3 g6 5. d4 exd4 6. cxd4 d5 7.
exd5 Nxd5 8. Nc3 Bg7 9. O-O O-O 10. h3 Be6 11. Re1 Qd6 12. Ne4 Qb4 13. Bxc6 bxc6 14. Nc5 Bf5 15. a3 Qb5 16. Ne5 Rfe8 17. b4 a5 18. Bd2 axb4 19. axb4 Rxa1 20. Qxa1 Nxb4 21. Ng4 Rb8 22. Nh6+ Bxh6 23. Bxh6 Nc2 24. Qc3 Nxe1 25. d5 Qb2 26. Qxe1 Qb1 27. Bc1 cxd5 28.
Kh2 Qc2 29. Bh6 Qb2 30. Qe7 Qh8 31. h4 Qd4 32. h5 Be6 0-1